 Dungeon Crawl Stone Soup version 0.31.0-11-ge490571c62 (webtiles) character file.

Game seed: 14523883554524284360

2 hikkokomori the Conjurer (level 1, 0/10 HPs)
             Began as a Deep Elf Conjurer on Feb 3, 2024.
             Slain by a jackal (1 damage)
             ... on level 1 of the Dungeon.
             The game lasted 00:00:16 (75 turns).

hikkokomori the Conjurer (Deep Elf Conjurer)          Turns: 75, Time: 00:00:16

Health: 0/10       AC:  2    Str:  4    XL:     1   Next: 25%
Magic:  5/6        EV: 12    Int: 22    God:
Gold:   10         SH:  0    Dex: 13    Spells: 5/6 levels left

rFire   . . .        (no weapon)
rCold   . . .        (no shield)
rNeg    . . .        a - +0 robe
rPois   .            (no helmet)
rElec   .            (no cloak)
rCorr   .            (no gloves)
SInv    .            (no boots)
Will    .....        (no amulet)
Stlth   ++           (no ring)
HPRegen 0.21/turn    (no ring)
MPRegen 0.10/turn

%: no passive effects
@: no status effects
A: no striking features
a: no special abilities


You were on level 1 of the Dungeon.
You visited 1 branch of the dungeon, and saw 1 of its levels.

You collected 10 gold pieces.

Inventory:

Armour
 a - a +0 robe (worn)
Scrolls
 c - a scroll of identify {unknown}
 d - a scroll of summoning {unknown}


   Skills:
 + Level 2.5 Dodging
 + Level 2.5 Stealth
 + Level 3.0 Spellcasting
 + Level 4.4 Conjurations


You had 5 spell levels left.
You knew the following spells:

 Your Spells              Type           Power      Damage    Failure   Level
a - Magic Dart            Conj           88%        1d7       1%          1

Your spell library contained the following spells:

 Spells                   Type           Power      Damage    Failure   Level
 Searing Ray              Conj           44%        2d6       3%          2
 Fulminant Prism          Conj/Alch      6%         3d6       45%         4
 Iskenderun's Mystic Bla  Conj/Tloc      13%        2d5       45%         4


Dungeon Overview and Level Annotations

Branches:
Dungeon (1/15)

Altars:


Message History

Confirm with . or Enter, or press ? or * to list all spells.
Aiming: Magic Dart (safe; 1% risk of failure)
Press: ? - help, Shift-Dir - straight line, f/p - jackal
Aim: a jackal (almost dead, 100% to hit)
The magic dart hits the jackal.
The jackal is almost dead.
The jackal bites you but does no damage.
The jackal completely misses you.
You closely miss the jackal.
The jackal is almost dead.
The jackal barely misses you. The jackal bites you.
The jackal closely misses you. The jackal bites you.
* * * LOW HITPOINT WARNING * * *
Unknown command.
You hit the jackal but do no damage.
The jackal is almost dead.
The jackal closely misses you. The jackal barely misses you.
Unknown command.
The jackal attacks as it pursues you! The jackal bites you.
* * * LOW HITPOINT WARNING * * *
Unknown command.
You hit the jackal but do no damage.
The jackal is almost dead.
The jackal bites you.
* * * LOW HITPOINT WARNING * * *
The jackal closely misses you.
Unknown command.
Magic courses through your body. The jackal closely misses you.
The jackal completely misses you.
Casting: Magic Dart (safe; 1% risk of failure)
Confirm with . or Enter, or press ? or * to list all spells.
Aiming: Magic Dart (safe; 1% risk of failure)
Press: ? - help, Shift-Dir - straight line, f - jackal, p - jackal
Aim: a jackal (severely wounded, 100% to hit)
The magic dart hits the jackal.
The jackal is almost dead.
The jackal barely misses you. The jackal bites you.
* * * LOW HITPOINT WARNING * * *
The jackal closely misses you. The jackal bites you.
You die...

........# ####........
≈≈§≈≈≈..###..........
§...§≈§...+.........
§§.§.§§§..#........
.§≈≈≈≈§§≈.# ...?.
..§§§..§§.###+#.†#
....<≈.§§.......h#
≈≈≈§§≈..≈...#.##h#
..§.(...§......h@#
#.≈.)§..≈..#.....#
#.≈§≈≈§≈≈.#####..######
#.....................#
......####.######.....#
#####.####+######.....+
#.................#
#..........#.#.......
#..........#....##...


You could see 3 jackals.

Vanquished Creatures
  A jackal (D:1)
  A frilled lizard (D:1)
2 creatures vanquished.

Notes
Turn   | Place    | Note
-------+----------+-------------------------------------------
     0 | D:1      | hikkokomori the Deep Elf Conjurer began the quest for the
                  | Orb.
     0 | D:1      | Reached XP level 1. HP: 10/10 MP: 6/6
    75 | D:1      | Slain by a jackal

Illustrated notes

Levels and vault maps discovered:
D:1:      ebering_hopf_link, layout_basic, ebering_ecumenical_altar_box,
          minmay_hexomino_f4

Action                     || total
---------------------------++-------
  Melee: Unarmed           ||     7
   Cast: Magic Dart        ||     9
    Use: Potion            ||     1
 Armour: Robe              ||    13
  Dodge: Dodged            ||    20
